 Dungeon Crawl Stone Soup version bcrawl-1.12-5-g74a5124548 (webtiles) character file.

Game seed: 1940345774887782993

419402 MisterOstroum the Impaler (level 22, -2/175 HPs)
             Began as a Demonspawn Archaeologist on May 31, 2019.
             Was the Champion of Makhleb.
             Slain by a death scarab (10 damage)
             ... summoned by a greater mummy
             ... on level 1 of the Tomb of the Ancients on June 1, 2019.
             The game lasted 03:42:45 (43756 turns).

MisterOstroum the Impaler (DsAc)                   Turns: 43756, Time: 03:42:45

Health: -2/175     AC: 43    Str: 27      XL:     22   Next: 62%
Magic:  31/31      EV:  8    Int: 15      God:    Makhleb [******]
Gold:   1440       SH:  0    Dex: 10 (13) Spells: 21/21 levels left

rFire    + + .     SeeInvis .   O - +5 scythe "Finisher" {speed, eviscerate}
rCold    + . .     Gourm    .   (shield currently unavailable)
rNeg     + + +     Faith    .   b - +4 crystal plate armour {rC+}
rPois    +         Spirit   .   R - +2 hat {MR+}
rElec    .         Reflect  .   f - +2 ratskin cloak {+Rats rPois rN+ Str-1 Int-1 Dex+1}
rCorr    .         Harm     .   c - +2 pair of gloves
MR       +++..                  (boots unavailable)
Stlth    ..........             p - amulet of regeneration
HPRegen  0.79/turn              n - ring of Xom's Flight of Fancy {*Contam +Blink rF+ Str+2 Slay+3}
MPRegen  0.22/turn              r - ring of Summer {rN++ MR+}

@: mighty, very slightly contaminated, slowed, very slow
A: hooves 3, molten scales 3, foul stench 2, mutation resistance 1, spiny 3,
augmentation 1, rot immunity
}: 2/15 runes: decaying, gossamer
a: Minor Destruction, Lesser Servant of Makhleb, Major Destruction, Greater
Servant of Makhleb, Renounce Religion, Evoke Blink, Evoke Ratskin


You were on level 1 of the Tomb of the Ancients.
You worshipped Makhleb.
Makhleb was exalted by your worship.
You were not hungry.

You visited 9 branches of the dungeon, and saw 34 of its levels.
You visited 1 bazaar.
You also visited: Sewer, Bailey, Gauntlet and Ice Cave.

You collected 4191 gold pieces.
You spent 2751 gold pieces at shops.

Inventory:

Hand Weapons
 O - the +5 scythe "Finisher" (weapon) {speed, eviscerate}
   (You found it on level 7 of the Dungeon)

   Attacks with this weapon are significantly faster.
Missiles
 d - 116 tomahawks of dispersal {!f}
 k - 81 poisoned tomahawks
 y - 197 tomahawks (quivered)
Armour
 b - a +4 crystal plate armour of cold resistance (worn)
 c - a +2 pair of gloves (worn)
 f - the +2 ratskin cloak (worn) {+Rats rPois rN+ Str-1 Int-1 Dex+1}

   It affects your strength (-1).
   It affects your intelligence (-1).
   It affects your dexterity (+1).
   It protects you from poison.
   It protects you from negative energy.
 R - a +2 hat of magic resistance (worn)
Jewellery
 n - the ring of Xom's Flight of Fancy (left hand) {*Contam +Blink rF+ Str+2 Slay+3}
   (You found it on level 5 of the Dungeon)

   [ring of protection from fire]

   It affects your strength (+2).
   It affects your accuracy and damage with ranged weapons and melee attacks
   (+3).
   It protects you from fire.
   It lets you blink.
   It causes magical contamination when unequipped.
 o - an uncursed ring of protection from cold
 p - an amulet of regeneration (around neck)
 r - the ring of Summer (right hand) {rN++ MR+}
   (You bought it in a shop on level 1 of the Elven Halls)

   [ring of protection from magic]

   It greatly protects you from negative energy.
   It affects your resistance to hostile enchantments.
 t - an uncursed amulet of rage
 D - an uncursed ring of flight
 K - an uncursed ring of insulation
Wands
 s - a wand of polymorph (9)
 u - a wand of paralysis (18)
 B - a wand of acid (15)
 E - a wand of iceblast (19)
 J - a wand of digging (15)
 L - a wand of clouds (7)
 S - a wand of scattershot (7)
 T - a wand of flame (29)
 X - a wand of disintegration (14)
Scrolls
 h - 21 scrolls of teleportation {@r3 !r}
 l - 6 scrolls of fog {!r}
 v - 9 scrolls of magic mapping {@r5 !r}
 z - 2 scrolls of blinking {@r4}
 A - 20 scrolls of remove curse {@r2}
 C - a scroll of summoning
 F - a scroll of silence
 H - 3 scrolls of fear {!r}
 V - 2 scrolls of immolation
 Z - a scroll of vulnerability
Potions
 g - a potion of lignification {@q6}
 w - 3 potions of agility {@q5 !q}
 x - 14 potions of curing {@q1 !q}
 M - 5 potions of haste {@q4 !q}
 N - 2 potions of invisibility
 P - a potion of berserk rage
 Q - 6 potions of mutation
 W - a potion of cancellation
 Y - 2 potions of ambrosia
Miscellaneous
 a - a lightning rod (4/4)
 i - 2 phantom mirrors
 j - 3 boxes of beasts
 G - a lamp of fire
 I - a sack of spiders
Comestibles
 e - 38 rations {!d}


   Skills:
 - Level 15.0 Fighting
   Level 10.0 Short Blades
 * Level 19.9 Polearms
 - Level 12.0 Throwing
 * Level 19.0 Armour
 - Level 2.6 Dodging
 - Level 3.0 Stealth
   Level 6.0 Shields
 - Level 12.0 Invocations
 - Level 7.2 Evocations


You had 21 spell levels left.
You didn't know any spells.
Your spell library contained the following spells:

 Spells                   Type           Power        Failure   Level  Hunger
 Animate Skeleton         Necr           N/A          98%         1    ##.....
 Beastly Appendage        Tmut           #.....       98%         1    ##.....
 Flame Tongue             Conj/Fire      #....        98%         1    ##.....
 Infusion                 Chrm           #.......     98%         1    ##.....
 Magic Dart               Conj           #...         98%         1    ##.....
 Pain                     Necr           #...         98%         1    ##.....
 Shock                    Conj/Air       #...         98%         1    ##.....
 Slow                     Hex            #.......     98%         1    ##.....
 Blink                    Tloc           N/A          99%         2    ###....
 Call Imp                 Summ           #.......     99%         2    ###....
 Poisonous Vapours        Pois/Air       #.....       99%         2    ###....
 Song of Slaying          Chrm           #.......     99%         2    ###....
 Swiftness                Chrm/Air       #.......     99%         2    ###....
 Conjure Flame            Conj/Fire      #.......     100%        3    ####...
 Ignite Poison            Fire/Tmut/Pois #.......     100%        3    ####...
 Inner Flame              Hex/Fire       #.......     100%        3    ####...
 Mephitic Cloud           Conj/Pois/Air  #.......     100%        3    ####...
 Ozocubu's Armour         Chrm/Ice       #.......     100%        3    ####...
 Regeneration             Chrm/Necr      #.........   100%        3    ####...
 Spectral Weapon          Hex/Chrm       #.......     100%        3    ####...
 Spider Form              Tmut/Pois      #.........   100%        3    ####...
 Static Discharge         Conj/Air       #.......     100%        3    ####...
 Stone Arrow              Conj/Erth      #.....       100%        3    ####...
 Vampiric Draining        Necr           #.........   100%        3    ####...
 Airstrike                Air            #.........   100%        4    #####..
 Animate Dead             Necr           N/A          100%        4    #####..
 Sticky Flame             Conj/Fire      #.......     100%        4    #####..
 Alistair's Intoxication  Tmut/Pois      #.......     100%        5    ######.
 Bolt of Draining         Conj/Necr      #.........   100%        5    ######.
 Fireball                 Conj/Fire      #.........   100%        5    ######.
 Iskenderun's Battlesphe  Conj/Chrm      #.......     100%        5    ######.
 Lee's Rapid Deconstruct  Erth           #.........   100%        5    ######.
 Lightning Bolt           Conj/Air       #.........   100%        5    ######.
 Freezing Cloud           Conj/Ice/Air   #.........   100%        6    #######
 Iron Shot                Conj/Erth      #.........   100%        6    #######
 Poison Arrow             Conj/Pois      #.........   100%        6    #######
 Orb of Destruction       Conj           #.........   100%        7    #######
 Ring of Flames           Chrm/Fire      #.........   100%        7    #######
 Spellforged Servitor     Conj/Summ      #.........   100%        7    #######


Dungeon Overview and Level Annotations

Branches:
Dungeon (12/12)            Temple (0/1) D:7            Lair (6/6) D:10
  Swamp (3/3) Lair:3       Spider (3/3) Lair:2        Slime (0/5) Lair:5
    Orc (1/1) D:11            Elf (3/3) Orc          Vaults (2/3) D:11
  Crypt (2/2) Vaults:1       Tomb (2/3) Crypt:2      Depths (0/5) D:12

Altars:
Ashenzari
Cheibriados
Dithmenos
Fedhas
Makhleb
Sif Muna
Xom
Yredelemnul
Zin
Beogh
Jiyva

Shops:
D:4 :=?   Orc ?=(?   Elf:1 =*}   Elf:2 :*   Elf:3 ([(   Vaults:2 *

Annotations:
D:5 1 runed door
Lair:6 5 exclusions
Swamp:3 3 runed translucent doors, exclusion: 3 doors, Suryr's ghost, adept GnWz; Vudadgh's ghost, adept HuWr
Crypt:1 2 transporters, Nyubb's ghost, veteran MiGl
Crypt:2 exclusions: upstairs and 1 more exclusion


Innate Abilities, Weirdness & Mutations

You have hooves in place of feet.
You are completely covered in molten scales. (AC +4, rF+)
You frequently emit foul miasma when damaged in melee.
You are completely covered in sharp spines.
Your magical and physical power is slightly enhanced at high health.
You are immune to rotting.
You are somewhat resistant to further mutation.


Message History

The death scarab bites you!
* * * LOW HITPOINT WARNING * * *
You emit a cloud of foul miasma!
The death scarab bites you but does no damage.
The death scarab bites you!
* * * LOW HITPOINT WARNING * * *
The death scarab drains your vigour!
You feel as though you will be slow longer.
The storm dragon skeleton bites you.
* * * LOW HITPOINT WARNING * * *
The storm dragon skeleton claws you but does no damage.
The storm dragon skeleton tramples you but does no damage.
The greater mummy gestures at you while chanting.
Something smites you!
* * * LOW HITPOINT WARNING * * *
The emperor scorpion stings you but does no damage.
The emperor scorpion claws you but does no damage.
The emperor scorpion barely misses you.
The greater mummy gestures wildly while chanting.
Really quaff
q - a potion of heal wounds {@q2 !q}?
You feel much better.
You feel less wooden.
The +2 ratskin cloak {+Rats rPois rN+ Str-1 Int-1 Dex+1} unmelds from your body.
Your +2 hat of magic resistance unmelds from your body.
Your +2 pair of gloves unmelds from your body.
Your +4 crystal plate armour of cold resistance unmelds from your body.
You feel resistant to hostile enchantments.
You feel resistant to cold.
The death scarab is struck by your spines.
The death scarab bites you but does no damage.
The death scarab is struck by your spines.
You destroy the death scarab!
The death scarab's corpse disappears in a puff of smoke!
The storm dragon skeleton is struck by your spines.
The storm dragon skeleton bites you but does no damage.
The storm dragon skeleton claws you but does no damage.
The storm dragon skeleton tramples you but does no damage.
The greater mummy calls on the powers of darkness!
The emperor scorpion convulses! x2; Your body is wracked with pain!
* * * LOW HITPOINT WARNING * * *
The emperor scorpion stings you but does no damage.
The emperor scorpion completely misses you.
The emperor scorpion claws you but does no damage.
The storm dragon skeleton is struck by your spines.
The storm dragon skeleton bites you but does no damage.
The storm dragon skeleton barely misses you. x2
The greater mummy gestures wildly while chanting.
The emperor scorpion is struck by your spines.
The emperor scorpion barely misses you.
The emperor scorpion claws you but does no damage. x2
The greater mummy casts a spell.
Unknown command.
Blink to where?
Press: ? - help, Dir - move target cursor, p - greater mummy You are very lightly contaminated with residual magic.
As you read the scroll of blinking {@r4}, it crumbles to dust.
The greater mummy gestures wildly while chanting.
The greater mummy calls on the powers of darkness!
The emperor scorpion convulses! x2; Your body is wracked with pain!
* * * LOW HITPOINT WARNING * * *
Found a one-way staircase leading down.
Okay, then.
The death scarab bites you.
* * * LOW HITPOINT WARNING * * *
The death scarab drains your vigour!
You feel as though you will be slow longer.
The shadow hits you.
The death scarab bites you but does no damage.
The greater mummy mumbles some strange words.
The death scarab bites you but does no damage.
The greater mummy calls on the powers of darkness!
The mana viper convulses!
The emperor scorpion convulses!
Your body is wracked with pain!
* * * LOW HITPOINT WARNING * * *
The mana viper convulses!
The shadow slips into darkness.
The shadow flickers and vanishes!
Deactivating autopickup; reactivate with Ctrl-A.
The greater mummy gestures wildly while chanting.
The greater mummy casts a spell.
The death scarab is struck by your spines.
The death scarab bites you but does no damage.
The death scarab bites you.
* * * LOW HITPOINT WARNING * * *
The death scarab drains your vigour!
You feel as though you will be slow longer.
The mana viper is struck by your spines.
The mana viper bites you but does no damage.
The mana viper looks sick.
The death scarab bites you but does no damage.
The mana viper bites you but does no damage.
There is a one-way staircase leading down here.
Okay, then.
Really go through this one-way escape hatch?
The death scarab is struck by your spines.
The death scarab bites you but does no damage.
The mana viper completely misses you.
The greater mummy mumbles some strange words.
The death scarab bites you!
You die...

#.8...8.# #. #.......# #.
#.......# #. #.8...8.####### #.
#.†.....##.... #. #.......##...
#. #.8...8.##..##############.
#.......##.S...W.M.ssZ).##.
#.......##@ssS.Z.M.s..)§##.
#.8...8.##################.
#######.......##################.
.................................
........8...8....................
.................................
.................................
.................................
.........⌠.⌠.....................


You could see 2 greater mummies, an emperor scorpion, 2 mana vipers, a wraith, a
death scarab and an ettin simulacrum.

Vanquished Creatures
  7 greater mummies
  Saint Roka (Elf:3)
  the Lernaean hydra (Swamp:3)
  Frederick (Crypt:1)
  Nikola (Vaults:2)
  2 liches
  2 Ice Fiends (IceCv)
  2 deep elf blademasters (Elf:3)
  7 sphinxes (Tomb:1)
  Asterion (Vaults:2)
  2 deep elf master archers (Elf:3)
  6 ancient champions
  Kirke (Lair:4)
  A frost giant (Vaults:1)
  A revenant (Crypt:1)
  3 thorn hunters
  3 ghost moths
  4 orc warlords
  4 emperor scorpions
  7 vault wardens
  5 deep elf sorcerers
  A curse skull (Crypt:1)
  3 deep elf elementalists (Elf:3)
  The ghost of Ysuot the Spear-Bearer, a journeyman OpWn of Okawaru (Swamp:1)
  3 stone giants
  5 ironheart preservers
  A war gargoyle (Vaults:1)
  A reaper (Crypt:2)
  3 deep elf demonologists
  4 vampire knights
  2 bennus (Tomb:1)
  5 deep elf annihilators (Elf:3)
  Nessos (D:11)
  2 spark wasps (Spider:3)
  8 deep elf death magi
  An ettin (Vaults:2)
  A quicksilver dragon zombie (Crypt:1)
  Snorg (Lair:5)
  7 mummy priests
  7 jiangshi
  3 eidola (Crypt:2)
  A yaktaur captain (Vaults:1)
  2 fire dragons
  3 great orbs of eyes
  19 hydras
  An ice dragon (Vaults:2)
  2 deep elf high priests (Elf:3)
  2 quicksilver dragon skeletons (Crypt:2)
  4 vault guards (Vaults:2)
  A juggernaut simulacrum (Vaults:2)
  A shambling mangrove (Swamp:2)
  Erica (Lair:1)
  6 two-headed ogres
  15 alligators
  6 centaur warriors
  38 death scarabs
  A ghost crab (Swamp:2)
  A satyr (shapeshifter) (D:11)
  A deep troll shaman (Vaults:2)
  A queen ant (Lair:4)
  23 dancing weapons
  2 tengu warriors (D:12)
  Urug (Lair:1)
  6 death yaks
  3 ogre magi
  7 vampire magi
  4 orc high priests (Orc)
  18 deep elf knights
  A fire crab (shapeshifter) (Elf:3)
  11 skeletal warriors
  A golden dragon zombie (Tomb:1)
  An unseen horror (D:12)
  A wizard (Vaults:2)
  11 swamp dragons
  3 glowing orange brains
  4 spriggan druids
  5 deep trolls (Vaults:2)
  5 deep elf archers
  A shadow dragon zombie (Crypt:1)
  5 ironbrand convokers
  2 orc knights
  4 cyclopes
  4 necromancers
  4 phantasmal warriors
  A wolf spider zombie (D:12)
  42 deep elf magi
  A tengu zombie (Vaults:1)
  3 frost giant zombies
  13 orb spiders
  Pikel (D:7)
  3 orc sorcerers
  7 ugly things
  An oklob plant (Lair:6)
  A shining eye (shapeshifter) (D:12)
  24 wolf spiders
  A fire giant zombie (Tomb:2)
  A salamander (shapeshifter) (D:12)
  A manticore (D:10)
  2 dire elephant zombies (Crypt:1)
  4 moths of wrath
  7 elephants
  5 black mambas
  2 ice statues (IceCv)
  3 vault sentinels (Vaults:2)
  2 centaur skeletons
  A black mamba (shapeshifter) (D:12)
  A stone giant skeleton (Vaults:1)
  4 torpor snails
  23 cane toads
  A purple draconian zombie (Crypt:1)
  A catoblepas zombie (Crypt:2)
  10 komodo dragons
  2 kobold demonologists (D:10)
  6 yaktaurs
  3 demonic crawlers
  2 rime drakes
  A yaktaur (shapeshifter) (D:11)
  6 freezing wraiths
  A tengu conjurer (D:12)
  14 ice devils (IceCv)
  17 guardian mummies
  A troll (shapeshifter) (Vaults:2)
  3 trolls
  A yaktaur skeleton (Vaults:1)
  35 jumping spiders
  8 tyrant leeches
  A queen bee (Lair:4)
  2 polar bears (Lair:6)
  15 hornets
  2 hornets (shapeshifter)
  8 blink frogs
  7 dream sheep
  38 slime creatures
  13 bog bodies
  A meliai zombie (D:12)
  8 hippogriffs
  14 flying skulls
  3 water elementals
  7 wraiths
  45 redbacks
  A fire elemental (Elf:1)
  23 tarantellas
  9 spriggans
  A shadow (D:11)
  An ettin skeleton (Vaults:1)
  2 wyverns
  2 hogs (Lair:3)
  13 ushabtiu
  18 yaks
  A basilisk (Lair:3)
  9 vampire mosquitoes
  16 humans
  A hungry ghost (D:11)
  14 swamp worms
  2 wargs (Orc)
  A merfolk zombie (Crypt:1)
  A water nymph zombie (Crypt:2)
  4 large abominations
  13 soldier ants (Lair:4)
  A soldier ant (shapeshifter) (Vaults:2)
  13 water moccasins
  2 acid dragons
  4 porcupines
  Duvessa (D:5)
  11 swamp drakes
  29 orc warriors
  5 ice beasts
  A slave (D:7)
  A black bear (Lair:3)
  A black bear (shapeshifter) (Vaults:2)
  2 sky beasts
  10 ogres
  3 phantoms
  3 wolves (Lair:1)
  A snapping turtle skeleton (Tomb:1)
  17 centaurs
  12 crocodiles
  7 big kobolds
  3 elf zombies (Elf:1)
  A salamander zombie (Crypt:1)
  2 gnoll sergeants
  12 bullfrogs
  Dowan (D:5)
  A wyvern skeleton (D:8)
  8 scorpions
  23 killer bees (Lair:4)
  18 wights
  2 howler monkeys (D:5)
  2 electric eels
  5 crimson imps
  4 centaur zombies
  A bullfrog zombie (D:5)
  26 orc priests
  3 hounds
  2 jellies
  A quasit (D:8)
  A bullfrog skeleton (D:6)
  27 orc wizards
  A basilisk skeleton (Crypt:1)
  4 iguanas
  Ijyb (D:5)
  39 worker ants
  A demigod zombie (Crypt:1)
  A naga zombie (Crypt:2)
  25 mummies
  A worker ant zombie (D:5)
  9 gnolls
  24 adders
  A river rat (Sewer)
  A steam dragon skeleton (Crypt:2)
  3 shadow imps
  6 white imps (IceCv)
  8 ufetubi (IceCv)
  5 oozes
  A worm zombie (Crypt:1)
  An adder skeleton (D:6)
  A halfling zombie (Crypt:2)
  5 worms (Sewer)
  3 leopard geckos
  113 orcs
  7 giant cockroaches
  9 goblins
  9 hobgoblins
  12 jackals
  7 quokkas
  6 ball pythons
  6 bats
  3 frilled lizards
  A frilled lizard zombie (Crypt:2)
  A gnoll skeleton (Crypt:1)
  39 kobolds
  A kobold skeleton (Crypt:1)
  A quokka skeleton (D:5)
  8 rats
  A plant (Lair:1)
1549 creatures vanquished.

Vanquished Creatures (collateral kills)
  Arachne (Spider:2)
  Gastronok (D:11)
  A deep elf demonologist (Elf:3)
  A mummy priest (Tomb:1)
  2 death scarabs (Tomb:2)
  A dancing weapon (Swamp:1)
  An elephant (Lair:6)
  A hornet (Swamp:2)
  A hippogriff (Lair:6)
  2 orc warriors
  A crocodile (Lair:4)
  A bullfrog (Lair:4)
  An orc priest (Orc)
  A mummy (Tomb:2)
  2 orcs (Orc)
  2 kobolds (Bailey)
20 creatures vanquished.

Vanquished Creatures (others)
  4 death scarabs (Tomb:2)
  A deep elf knight (Elf:2)
  A fire giant skeleton (Tomb:2)
  A human (Lair:4)
  A centaur (D:12)
  An orc priest (D:7)
  2 mummies
  A gnoll (D:5)
  A white imp (IceCv)
  2 ufetubi (IceCv)
  An orc (D:7)
  5 fungi
  10 plants
31 creatures vanquished.

Grand Total: 1600 creatures vanquished

Notes
Turn   | Place    | Note
-------+----------+-------------------------------------------
     0 | D:1      | MisterOstroum the Demonspawn Archaeologist began the quest
                  | for the Orb.
     0 | D:1      | Reached XP level 1. HP: 15/15 MP: 1/1
   476 | D:1      | Gained mutation: You are partially covered in molten
                  | scales. (AC +2) [demonic ancestry]
   476 | D:1      | Reached XP level 2. HP: 22/22 MP: 2/2
  1074 | D:2      | Found a deep blue altar of Sif Muna.
  1104 | D:2      | Found a basalt altar of Yredelemnul.
  1141 | D:2      | Gained mutation: You are immune to rotting. [demonic
                  | ancestry]
  1141 | D:2      | Reached XP level 3. HP: 20/29 MP: 3/3
  2306 | D:3      | Reached skill level 1 in Short Blades
  2439 | D:3      | Found a snail-covered altar of Cheibriados.
  2440 | D:3      | Found a blossoming altar of Fedhas.
  2507 | D:3      | HP: 1/29 [orc wizard/+0 dagger (2)]
  2523 | D:3      | Gained mutation: You are clumsy. (Dex -2) [potion of
                  | mutation]
  2523 | D:3      | Gained mutation: You are mostly covered in molten scales.
                  | (AC +3) [potion of mutation]
  2526 | D:3      | Gained mutation: You have large cloven feet. [demonic
                  | ancestry]
  2526 | D:3      | Reached XP level 4. HP: 29/37 MP: 4/4
  3107 | D:3      | Gained mutation: You are partially covered in sharp spines.
                  | [demonic ancestry]
  3107 | D:3      | Reached XP level 5. HP: 38/42 MP: 5/5
  3630 | D:4      | Got a twisted chain mail
  3699 | D:4      | Found a glowing drain.
  3706 | Sewer    | Entered a sewer
  3734 | Sewer    | Reached skill level 1 in Armour
  3734 | Sewer    | Gained mutation: You may emit foul miasma when damaged in
                  | melee. [demonic ancestry]
  3734 | Sewer    | Reached XP level 6. HP: 48/49 MP: 6/6
  3863 | Sewer    | Reached skill level 5 in Fighting
  4121 | Sewer    | Gained mutation: You are mostly covered in sharp spines.
                  | [demonic ancestry]
  4121 | Sewer    | Reached XP level 7. HP: 56/56 MP: 7/7
  4405 | D:4      | Found Toto's Jewellery Boutique.
  4482 | D:4      | Identified the cursed +1 chain mail of Eternity {*Slow
                  | Int+4} (You found it on level 4 of the Dungeon)
  4601 | D:4      | Found a glowing silver altar of Zin.
  4961 | D:4      | Found Rymmiak's Book Shop.
  5240 | D:4      | Found Anirphe's Magic Scroll Emporium.
  5252 | D:4      | Bought a scroll of enchant weapon for 97 gold pieces
  5391 | D:5      | Entered Level 5 of the Dungeon
  5402 | D:5      | Found a runed door.
  5427 | D:5      | Noticed Duvessa
  5427 | D:5      | Noticed Dowan
  5441 | D:5      | Killed Dowan
  5441 | D:5      | Killed Duvessa
  5441 | D:5      | Reached skill level 5 in Short Blades
  5441 | D:5      | Gained mutation: You have hoof-like feet. [demonic
                  | ancestry]
  5441 | D:5      | Reached XP level 8. HP: 18/65 MP: 8/8
  5598 | D:5      | Noticed Ijyb
  5622 | D:5      | Killed Ijyb
  5751 | D:5      | Reached skill level 5 in Armour
  5982 | D:5      | Got a wavering marble ring
  6027 | D:5      | Reached XP level 9. HP: 59/74 MP: 9/9
  6548 | D:5      | Found a shadowy altar of Dithmenos.
  7414 | D:5      | Reached skill level 1 in Evocations
  7721 | D:6      | Found a burning altar of Makhleb.
  7753 | D:6      | Became a worshipper of Makhleb the Destroyer
  7958 | D:7      | Noticed Pikel
  7990 | D:7      | Killed Pikel
  7990 | D:7      | Reached XP level 10. HP: 85/85 MP: 9/11
  8423 | D:7      | Found a shattered altar of Ashenzari.
  8534 | D:7      | Reached skill level 10 in Fighting
  8608 | D:7      | Found the +5 scythe "Finisher" {speed, eviscerate}
  8641 | D:7      | Found a shimmering altar of Xom.
  8677 | D:7      | Found a staircase to the Ecumenical Temple.
  9017 | D:8      | Identified the ring of Xom's Flight of Fancy {*Contam
                  | +Blink rF+ Str+2 Slay+3} (You found it on level 5 of the
                  | Dungeon)
  9099 | D:8      | Noticed a deep elf mage
  9118 | D:8      | Killed a deep elf mage
  9500 | D:8      | Noticed a cyclops
  9513 | D:8      | Killed a cyclops
  9796 | D:9      | Reached * piety under Makhleb
  9952 | D:9      | Gained mutation: You have hooves in place of feet. [demonic
                  | ancestry]
  9952 | D:9      | Reached XP level 11. HP: 73/93 MP: 13/13
  9954 | D:9      | Lost mutation: You are clumsy. (Dex -2) [potion of
                  | mutation]
  9954 | D:9      | Gained mutation: Your spells are a little easier to cast,
                  | but a little less powerful. [potion of mutation]
  9954 | D:9      | Gained mutation: You tend to lose your temper in combat.
                  | [potion of mutation]
  9954 | D:9      | Gained mutation: Scrolls take you a little longer to read.
                  | [potion of mutation]
  9954 | D:9      | Gained mutation: You are somewhat resistant to further
                  | mutation. [potion of mutation]
  9955 | D:9      | Lost mutation: Your spells are a little easier to cast, but
                  | a little less powerful. [potion of mutation]
  9955 | D:9      | Lost mutation: You tend to lose your temper in combat.
                  | [potion of mutation]
  9955 | D:9      | Lost mutation: Scrolls take you a little longer to read.
                  | [potion of mutation]
 10066 | D:9      | Reached skill level 10 in Short Blades
 10502 | D:10     | Entered Level 10 of the Dungeon
 10503 | D:10     | Noticed a centaur warrior
 10621 | D:10     | Found a flagged portal.
 10637 | Bailey   | Entered a bailey
 10643 | Bailey   | Noticed an orc warlord
 10660 | Bailey   | Reached ** piety under Makhleb
 10729 | Bailey   | Found a runed gate.
 10731 | Bailey   | Found a runed gate.
 10742 | Bailey   | Found a runed gate.
 10845 | Bailey   | Killed an orc warlord
 10845 | Bailey   | Reached skill level 5 in Evocations
 11231 | D:10     | Killed a centaur warrior
 11300 | D:10     | Noticed a death yak
 11300 | D:10     | Noticed a death yak
 11336 | D:10     | Killed a death yak
 11345 | D:10     | Killed a death yak
 11560 | D:10     | Noticed a death yak
 11561 | D:10     | Noticed a death yak
 11562 | D:10     | Found a staircase to the Lair.
 11562 | D:10     | Noticed a death yak
 11562 | D:10     | Noticed a death yak
 11605 | D:9      | Killed a death yak
 11607 | D:9      | Killed a death yak
 11607 | D:9      | Gained mutation: You are completely covered in sharp
                  | spines. [demonic ancestry]
 11607 | D:9      | Reached XP level 12. HP: 68/107 MP: 15/15
 11677 | D:10     | Killed a death yak
 11677 | D:10     | Reached *** piety under Makhleb
 11688 | D:10     | Killed a death yak
 11960 | Lair:1   | Entered Level 1 of the Lair of Beasts
 12034 | Lair:1   | Reached skill level 1 in Invocations
 12091 | Lair:1   | Noticed Erica
 12118 | Lair:1   | Killed Erica
 12118 | Lair:1   | Reached skill level 1 in Throwing
 12334 | Lair:1   | Noticed Urug
 12346 | Lair:1   | Killed Urug
 13094 | Lair:2   | Reached skill level 15 in Fighting
 13397 | Lair:2   | Reached skill level 1 in Polearms
 13522 | Lair:2   | Reached XP level 13. HP: 115/115 MP: 15/18
 13582 | Lair:2   | Found a hole to the Spider Nest.
 14299 | Lair:3   | Reached **** piety under Makhleb
 14299 | Lair:3   | Reached skill level 1 in Shields
 14796 | Lair:3   | Found a staircase to the Swamp.
 15056 | Lair:4   | Mutation became permanent: You are partially covered in
                  | molten scales. (AC +2) [demonic ancestry]
 15056 | Lair:4   | Gained mutation: You are mostly covered in molten scales.
                  | (AC +3) [demonic ancestry]
 15056 | Lair:4   | Reached XP level 14. HP: 115/123 MP: 19/19
 15227 | Lair:4   | Reached skill level 5 in Polearms
 15324 | Lair:4   | Noticed Kirke
 15388 | Lair:4   | Killed Kirke
 15681 | Lair:4   | Reached ***** piety under Makhleb
 16189 | Lair:5   | Reached skill level 5 in Throwing
 16215 | Lair:5   | Noticed Snorg
 16226 | Lair:5   | Killed Snorg
 16419 | Lair:5   | Found a viscous altar of Jiyva.
 16420 | Lair:5   | Found a staircase to the Slime Pits.
 16815 | Lair:6   | Entered Level 6 of the Lair of Beasts
 17236 | Lair:6   | Reached skill level 10 in Armour
 17776 | D:11     | Found a gate to the Vaults.
 17776 | D:11     | Noticed Nessos
 17849 | D:11     | Found a roughly hewn altar of Beogh.
 17849 | D:11     | Found a staircase to the Orcish Mines.
 18050 | D:11     | Reached ****** piety under Makhleb
 18625 | D:11     | Killed Nessos
 18849 | D:11     | Reached XP level 15. HP: 129/129 MP: 20/20
 18864 | D:11     | Identified a scroll of acquirement
 19045 | Vaults:1 | Entered Level 1 of the Vaults
 19513 | D:12     | Entered Level 12 of the Dungeon
 19798 | D:12     | Reached skill level 5 in Shields
 19832 | D:12     | Reached skill level 5 in Invocations
 19838 | D:12     | Reached skill level 10 in Polearms
 19888 | D:12     | Identified the +10 chain mail of Tastaclo {rPois}
 20163 | D:12     | Noticed Gastronok
 20188 | D:11     | Killed Gastronok
 20368 | D:12     | Found a staircase to the Depths.
 20888 | Orc      | Entered the Orcish Mines
 20941 | Orc      | Noticed an orc warlord
 20976 | D:11     | Killed an orc warlord
 21197 | Orc      | Found Vetruwora's Magic Scroll Shoppe.
 21198 | Orc      | Found a gate leading to a gauntlet.
 21231 | Gauntlet | Entered a Gauntlet
 21231 | Gauntlet | Found a transporter.
 21241 | Gauntlet | Found a transporter.
 21255 | Gauntlet | Found a transporter.
 21260 | Gauntlet | Found a transporter.
 21275 | Gauntlet | Found a transporter.
 21294 | Gauntlet | Found a transporter.
 21306 | Gauntlet | Found a transporter.
 21314 | Gauntlet | Found a transporter.
 21314 | Gauntlet | Found a transporter.
 21331 | Gauntlet | Found a transporter.
 21343 | Gauntlet | Found a transporter.
 21355 | Gauntlet | Found a transporter.
 21378 | Gauntlet | Found a transporter.
 21395 | Gauntlet | Found a transporter.
 21397 | Gauntlet | Found a transporter.
 21422 | Gauntlet | Found a transporter.
 21534 | Gauntlet | Found a transporter.
 21570 | Gauntlet | Found a transporter.
 21705 | Orc      | Noticed an orc warlord
 22310 | D:11     | Killed an orc warlord
 22385 | Orc      | Found Dypod's Magic Scroll Shop.
 22385 | Orc      | Found Jyask's Antique Weapon Shop.
 22388 | Orc      | Found Rupheigos's Jewellery Boutique.
 22391 | Orc      | Found Xites's Distillery.
 22397 | Orc      | Bought a potion of heal wounds for 55 gold pieces
 22477 | Orc      | Found a roughly hewn altar of Beogh.
 22753 | Orc      | Found a staircase to the Elven Halls.
 23231 | Spider:1 | Entered Level 1 of the Spider Nest
 23410 | Spider:1 | Found a frozen archway.
 23421 | IceCv    | Entered an ice cave
 23838 | IceCv    | Noticed an Ice Fiend
 23867 | IceCv    | Killed an Ice Fiend
 24135 | IceCv    | Noticed an Ice Fiend
 24158 | IceCv    | Killed an Ice Fiend
 24158 | IceCv    | Gained mutation: You frequently emit foul miasma when
                  | damaged in melee. [demonic ancestry]
 24158 | IceCv    | Reached XP level 16. HP: 92/136 MP: 22/22
 24219 | IceCv    | Got a fine demon blade
 24221 | IceCv    | Identified the +5 demon blade of Kuacusuv {venom, rElec}
                  | (You found it in an ice cave)
 25959 | Orc      | Bought a scroll of enchant armour for 120 gold pieces
 25960 | Orc      | Bought a scroll of teleportation for 48 gold pieces
 25987 | Orc      | Bought a scroll of enchant weapon for 97 gold pieces
 25987 | Orc      | Bought a scroll of fog for 26 gold pieces
 26745 | Spider:2 | Noticed Arachne
 26760 | Spider:2 | Killed Arachne
 26887 | Spider:3 | Entered Level 3 of the Spider Nest
 27138 | Spider:3 | Reached skill level 10 in Invocations
 27561 | Spider:3 | Reached skill level 10 in Throwing
 28454 | Spider:3 | Gained mutation: You are completely covered in molten
                  | scales. (AC +4, rF+) [demonic ancestry]
 28454 | Spider:3 | Reached XP level 17. HP: 142/142 MP: 0/24
 28804 | Spider:3 | Got a gossamer rune of Zot
 28824 | Spider:3 | Identified the +6 battleaxe of Pinocefoimp {chop, +Rage
                  | rElec MP-9 SInv}
 29172 | Swamp:1  | Entered Level 1 of the Swamp
 29290 | Swamp:1  | Found a runed translucent door.
 29290 | Swamp:1  | Found a shimmering altar of Xom.
 29290 | Swamp:1  | Noticed Ysuot's ghost (journeyman OpWn)
 29319 | Swamp:1  | Killed Ysuot's ghost
 30838 | Swamp:3  | Entered Level 3 of the Swamp
 31065 | Swamp:3  | Found a runed translucent gate.
 31065 | Swamp:3  | Found a runed translucent gate.
 31068 | Swamp:3  | Found a runed translucent gate.
 31071 | Swamp:3  | Noticed Suryr's ghost (adept GnWz)
 31071 | Swamp:3  | Noticed Vudadgh's ghost (adept HuWr)
 31573 | Swamp:3  | Identified the +5 arbalest "Doconk" {freeze, rElec MR+
                  | Str+2 Int+4}
 31780 | Swamp:3  | Noticed the 27-headed Lernaean hydra
 31784 | Swamp:3  | Killed the 27-headed Lernaean hydra
 31784 | Swamp:3  | Reached XP level 18. HP: 149/149 MP: 25/25
 31795 | Swamp:3  | Got a decaying rune of Zot
 32383 | Elf:1    | Entered Level 1 of the Elven Halls
 32537 | Elf:1    | Reached skill level 15 in Polearms
 33562 | Vaults:1 | Found a staircase to the Crypt.
 34663 | Vaults:2 | Noticed Asterion
 34681 | Vaults:2 | Killed Asterion
 34844 | Vaults:2 | Found Ughiunec's Assorted Antiques.
 34852 | Vaults:2 | Bought a scroll of teleportation for 75 gold pieces
 34852 | Vaults:2 | Bought a scroll labeled GUNWURUCK for 25 gold pieces
 34852 | Vaults:2 | Bought a potion of heal wounds for 125 gold pieces
 34901 | Vaults:2 | Paralysed by an orc sorcerer for 2 turns
 35152 | Vaults:2 | Reached XP level 19. HP: 123/155 MP: 26/26
 35197 | Vaults:2 | Reached skill level 15 in Armour
 35393 | Vaults:2 | Noticed Nikola
 35432 | Vaults:2 | Killed Nikola
 35988 | Elf:1    | Found Suonepp's Gadget Shop.
 36230 | Elf:1    | Found Aseacs's Jewellery Emporium.
 36354 | Elf:1    | Found Hemis's General Store.
 36814 | Elf:2    | Found a gateway to a bazaar.
 36864 | Bazaar   | Entered a bazaar
 36868 | Bazaar   | Found Cohadgh's Magic Scroll Boutique.
 36886 | Bazaar   | Found Udghey Idyosi's Assorted Antiques.
 36891 | Bazaar   | Bought a thin bone amulet for 95 gold pieces
 36891 | Bazaar   | Bought a jade ring for 95 gold pieces
 36903 | Bazaar   | Found Daddaru's Book Boutique.
 36920 | Bazaar   | Found Tylinem's Antique Weapon Shoppe.
 36943 | Bazaar   | Bought 3 scrolls of noise for 45 gold pieces
 37159 | Elf:2    | Found Yhyfa's Book Shoppe.
 37198 | Elf:2    | Found Yrphol's General Store.
 37205 | Elf:2    | Bought a scroll of enchant armour for 97 gold pieces
 37206 | Elf:2    | Bought 2 potions of heal wounds for 130 gold pieces
 37206 | Elf:2    | Bought a scroll of teleportation for 39 gold pieces
 37502 | Elf:2    | Found a huge runed gate.
 37504 | Elf:2    | Found a huge runed gate.
 37507 | Elf:2    | Found a huge runed gate.
 38127 | Elf:3    | Entered Level 3 of the Elven Halls
 38134 | Elf:3    | Found Ciehumei's Antique Armour Shoppe.
 38199 | Elf:3    | Found Ileyneru's Antique Weapon Shop.
 38280 | Elf:3    | Noticed a Shadow Fiend
 38461 | Elf:3    | Identified the ring of Peace {+Fly EV+3 Int-3 Stlth+}
 38526 | Elf:3    | Found Meungue's Weapon Emporium.
 38558 | Elf:3    | Noticed Saint Roka
 38598 | Elf:3    | Killed Saint Roka
 39092 | Elf:3    | Identified the +11 short sword of Cyiceci {venom, rElec
                  | rPois Str+3 Dex-5}
 39189 | Elf:3    | Identified the ring "Elleekycy" {Fire MP+9 Int+3 Dex+2
                  | SInv}
 39189 | Elf:3    | Identified the ring of the Butterfly {MR+++ AC+5 Str+4
                  | Int-3 Stlth+}
 39230 | Elf:3    | Reached XP level 20. HP: 143/162 MP: 27/27
 39240 | Elf:3    | Identified the +9 dagger "Zivvegam" {pain, rN+ Str-3 Int+2
                  | Dex+2}
 39301 | Elf:3    | Identified the +8 halberd "Kumiedo" {freeze, rElec MR+
                  | Int+5}
 39512 | Elf:3    | Identified the +1 mace of Jiufat {speed, Str+5}
 39637 | Elf:3    | Identified the +6 shortbow of Reinforcement {venom,
                  | *Corrode rElec rC+++ SInv}
 39662 | Elf:3    | Identified Sif Muna's Collected Works on Earth and Changing
 39713 | Elf:3    | Gained mutation: Your magical and physical power is
                  | slightly enhanced at high health. [demonic ancestry]
 39713 | Elf:3    | Reached XP level 21. HP: 168/168 MP: 28/28
 39766 | Elf:1    | Bought the ring of Summer {rN++ MR+} for 722 gold pieces
 39922 | Crypt:1  | Entered Level 1 of the Crypt
 40088 | Crypt:1  | Noticed Frederick
 40092 | Crypt:1  | Killed Frederick
 40430 | Crypt:1  | Found a transporter.
 40430 | Crypt:1  | Noticed an ancient lich
 40431 | Crypt:1  | Noticed Nyubb's ghost (veteran MiGl)
 40436 | Crypt:1  | Found a transporter.
 40794 | Crypt:2  | Entered Level 2 of the Crypt
 40984 | Crypt:2  | Found a staircase to the Tomb.
 41120 | Crypt:2  | Noticed a curse toe
 41203 | Tomb:1   | Entered Level 1 of the Tomb of the Ancients
 41689 | Tomb:1   | Reached XP level 22. HP: 175/175 MP: 30/30
 41813 | Tomb:1   | Noticed a greater mummy
 42143 | Orc      | Bought a scroll of summoning for 123 gold pieces
 42143 | Orc      | Bought a scroll of silence for 97 gold pieces
 42144 | Orc      | Bought a potion of haste for 110 gold pieces
 42144 | Orc      | Bought a potion of curing for 33 gold pieces
 42144 | Orc      | Bought a potion of curing for 33 gold pieces
 42144 | Orc      | Bought a potion of curing for 33 gold pieces
 42144 | Orc      | Bought a potion of curing for 33 gold pieces
 42144 | Orc      | Bought a potion of curing for 33 gold pieces
 42144 | Orc      | Bought a potion of might for 44 gold pieces
 42144 | Orc      | Bought a potion of curing for 33 gold pieces
 42144 | Orc      | Bought a potion of mutation for 88 gold pieces
 42144 | Orc      | Bought a potion of mutation for 88 gold pieces
 42174 | Orc      | Bought a scroll of fear for 56 gold pieces
 42174 | Orc      | Bought a scroll of magic mapping for 56 gold pieces
 42398 | Tomb:1   | Killed a greater mummy
 42857 | Tomb:1   | Noticed a greater mummy
 42909 | Tomb:1   | Killed a greater mummy
 43012 | Tomb:2   | Noticed a greater mummy
 43013 | Tomb:2   | Noticed a greater mummy
 43013 | Tomb:2   | Noticed a greater mummy
 43013 | Tomb:2   | Noticed a greater mummy
 43013 | Tomb:2   | Noticed a greater mummy
 43034 | Tomb:2   | Killed a greater mummy
 43036 | Tomb:2   | Killed a greater mummy
 43114 | Tomb:2   | Killed a greater mummy
 43181 | Tomb:2   | Killed a greater mummy
 43332 | Tomb:2   | Killed a greater mummy
 43699 | Tomb:1   | Noticed a greater mummy
 43707 | Tomb:1   | Noticed a greater mummy
 43738 | Tomb:1   | HP: 11/262 [emperor scorpion[a greater mummy] (6)]
 43747 | Tomb:1   | HP: 11/262 [storm dragon skeleton[a greater mummy] (4)]
 43747 | Tomb:1   | HP: 3/262 [greater mummy/divine providence (8)]
 43754 | Tomb:1   | HP: 6/175 [death scarab[a greater mummy] (6)]
 43756 | Tomb:1   | Slain by a death scarab

Skill      XL: |  1  2  3  4  5  6  7  8  9 10 11 12 13 14 15 16 17 18 19 20 21 22 |
---------------+-------------------------------------------------------------------+-----
Fighting       | 2 3 4 5 6 8 9 11 14 15 | 15.0
Short Blades   | 1 2 3 4 5 6 8 9 10 | 10.0
Armour         | 1 2 4 5 6 8 9 10 11 13 14 16 17 18 19 | 19.0
Evocations     | 1 3 5 7 |  7.2
Invocations    | 4 8 10 11 12 | 12.0
Throwing       | 3 4 7 8 10 11 12 | 12.0
Polearms       | 1 4 9 11 13 14 16 17 18 19 | 19.9
Shields        | 2 4 6 |  6.0
Dodging        | |  2.6
Stealth        | |  3.0

Action                   |  1- 3 |  4- 6 |  7- 9 | 10-12 | 13-15 | 16-18 | 19-21 | 22-24 || total
-------------------------+-------+-------+-------+-------+-------+-------+-------+-------++-------
Melee: Unarmed           |    38 |       |       |       |     2 |       |       |       ||    40
       Hand axe          |    19 |       |       |       |       |       |       |       ||    19
       Dagger            |   143 |   212 |   472 |   711 |     5 |       |       |       ||  1543
       Spear             |       |       |     1 |       |   200 |  1372 |       |       ||  1573
       Kick              |       |       |       |   165 |   440 |   461 |   197 |    44 ||  1307
       Rapier            |       |       |       |       |  1127 |     8 |       |       ||  1135
       Demon blade       |       |       |       |       |       |    12 |       |       ||    12
       Scythe            |       |       |       |       |       |   283 |   812 |   243 ||  1338
Throw: Stone             |   117 |   113 |   139 |    61 |       |       |       |       ||   430
       Tomahawk          |       |       |       |   116 |   510 |   583 |   362 |    83 ||  1654
       Javelin           |       |       |       |     3 |       |       |       |       ||     3
Invok: Minor Destruction |       |       |       |       |     7 |     1 |       |       ||     8
       Lesser Servant of |       |       |       |       |     3 |       |     1 |       ||     4
       Greater Servant o |       |       |       |       |     2 |       |     2 |     2 ||     6
       Major Destruction |       |       |       |       |     1 |       |       |       ||     1
 Abil: Evoke Ratskin     |       |       |       |     7 |     6 |     7 |       |     2 ||    22
       Evoke Flight      |       |       |       |     3 |       |       |       |       ||     3
       Stop Flying       |       |       |       |     1 |       |       |       |       ||     1
       Evoke Berserk Rag |       |       |       |       |     2 |       |       |       ||     2
Evoke: Sack of spiders   |       |       |       |       |     3 |       |       |     1 ||     4
       Wand              |       |       |       |       |       |    11 |     3 |       ||    14
       Box of beasts     |       |       |       |       |       |       |       |     1 ||     1
  Use: Potion            |     5 |       |       |     3 |     9 |     3 |     3 |    13 ||    36
       Scroll            |       |     3 |     6 |    16 |    16 |    11 |     5 |     3 ||    60
 Stab: Distracted        |       |       |       |       |     2 |     2 |     1 |     2 ||     7
       Held in net/web   |       |       |       |       |     1 |       |       |       ||     1
  Eat: Chunk             |     5 |     6 |    12 |    21 |    24 |    22 |    18 |       ||   108
       Ration            |       |       |       |       |     4 |     5 |     2 |     3 ||    14
Armor: Robe              |    71 |     3 |       |       |       |       |       |       ||    74
       Skin              |    21 |    33 |       |       |    20 |     1 |       |   163 ||   238
       Chain mail        |       |    88 |   224 |   281 |   482 |    60 |       |       ||  1135
       Plate armour      |       |       |       |       |    12 |       |       |       ||    12
       Crystal plate arm |       |       |       |       |       |   877 |   570 |   136 ||  1583
Dodge: Dodged            |   132 |    44 |   107 |   155 |   269 |   129 |   165 |    59 ||  1060
Block: Buckler           |       |       |       |       |   157 |    76 |       |       ||   233
       Shield            |       |       |       |       |       |   107 |       |       ||   107
       Large shield      |       |       |       |       |       |   273 |       |       ||   273
